 Dungeon Crawl Stone Soup version 0.18.1-6-gd335043 (webtiles) character file.

60 georgeearnest the Grave Robber (level 4, 0/33 HPs)
             Began as a Hill Orc Necromancer on May 20, 2016.
             Slain by a rat (2 damage)
             ... on level 1 of the Dungeon.
             The game lasted 00:10:58 (3416 turns).

georgeearnest the Grave Robber (HONe)               Turns: 3416, Time: 00:10:59

Health: 0/33       AC:  2    Str:  8 (10) XL:     4   Next: 6%
Magic:  7/7        EV: 12    Int: 15 (16) God:
Gold:   117        SH:  0    Dex: 12 (14) Spells: 2 memorised, 5 levels left

rFire  . . .     SeeInvis .     (no weapon)
rCold  . . .     Gourm    .     a - +0 robe
rNeg   . . .     Faith    .     (no shield)
rPois  .         Spirit   .     (no helmet)
rElec  .         Dismiss  .     (no cloak)
rCorr  .         Reflect  .     (no gloves)
SustAt .         Harm     .     (no boots)
MR     .....                    (no amulet)
Stlth  ++........               (no ring)
                                g - +3 ring of dexterity

@: not resistant to hostile enchantments, unstealthy
A: no striking features
a: no special abilities


You were on level 1 of the Dungeon.
You were not hungry.

You visited 1 branch of the dungeon, and saw 2 of its levels.

You collected 117 gold pieces.

Inventory:

Armour
 a - a +0 robe (worn)
Jewellery
 g - a +3 ring of dexterity (left hand)
Scrolls
 e - a scroll of identify
Books
 b - a book of Necromancy

   Spells                             Type                      Level
   a - Pain                           Necromancy                   1
   b - Animate Skeleton               Necromancy                   1
   c - Vampiric Draining              Necromancy                   3
   d - Regeneration                   Charms/Necromancy            3
   e - Animate Dead                   Necromancy                   4
   f - Control Undead                 Necromancy                   4


   Skills:
 + Level 2.1 Dodging
 * Level 1.7 Stealth
 * Level 2.1 Spellcasting
 + Level 4.6 Necromancy


You had 5 spell levels left.
You knew the following spells:

 Your Spells              Type           Power        Failure   Level  Hunger
a - Pain                  Necr           ###.         3%          1    #......
b - Animate Skeleton      Necr           N/A          3%          1    #......


Dungeon Overview and Level Annotations

Branches:
Dungeon (2/15)

Altars:
Dithmenos

Annotations:
D:1 Terence


Message History

There is a dry fountain here.
The hobgoblin misses you. The rat barely misses you. The hobgoblin hits you.
The kobold closely misses you. The hobgoblin closely misses you.
The kobold closely misses you. Terence hits you with a morningstar!
The kobold barely misses you. The hobgoblin hits you.
Terence barely misses you. The hobgoblin closely misses you.
There is a fountain of clear blue water here.
Read which item? (? for menu, Esc to quit)
As you read the scroll labeled SICHUPI MAGRI, it crumbles to dust.
It is a scroll of identify.
You don't have any unidentified items.
The kobold barely misses you.
Terence screams, "I'm going to kill you!"
Terence hits you with a morningstar!
* * * LOW HITPOINT WARNING * * *
The hobgoblin closely misses you. The rat bites you.
You die...

# #.# ########### ## # #@#
####.........##### ####
#.###[..............## ...##
#.##......⌠...⌠......# #...##
#r##...⌠.........⌠...# .#.#.##
#.#.........≈......... ##.##.#
#.#...⌠...........⌠... ...##.#
#...†r@g.≈.....≈.....< ....#.#
###..@K...........⌠... .....##
#.........≈.........
....###########...⌠.........⌠...#
..............#......⌠...⌠......#
....#.##########..............(##
....#.## #####.........####.
.......## #.#.########### #.
.##..†..# ##.#.# #.# #.
........######..#.# #.# #.


You could see Terence, a hobgoblin, a kobold and a rat.

Vanquished Creatures
  2 adders (D:2)
  A worm (D:2)
  A dart slug (D:1)
  2 giant geckos (D:1)
  2 giant cockroaches
  2 goblins
  5 hobgoblins
  5 jackals (D:2)
  2 quokkas (D:2)
  A ball python (D:2)
  5 bats
  A giant newt (D:1)
  A kobold (D:1)
  5 rats
35 creatures vanquished.

Notes
Turn   | Place    | Note
--------------------------------------------------------------
     0 | D:1      | georgeearnest the Hill Orc Necromancer began the quest for the Orb.
     0 | D:1      | Reached XP level 1. HP: 14/14 MP: 3/3
   506 | D:1      | Reached XP level 2. HP: 16/20 MP: 0/4
  1488 | D:2      | Reached XP level 3. HP: 16/26 MP: 0/5
  2016 | D:2      | Learned a level 1 spell: Animate Skeleton
  2864 | D:2      | Found a shadowy altar of Dithmenos.
  2899 | D:2      | Noticed Terence
  2899 | D:2      | Reached XP level 4. HP: 32/33 MP: 3/7
  3416 | D:1      | Slain by a rat

Skill      XL: |  1  2  3 |
---------------+----------+-----
Spellcasting   | 2 |  2.1
Dodging        | 2 |  2.1
Stealth        | |  1.7
Necromancy     | |  4.6

Action                   |  1- 3 |  4- 6 || total
-------------------------+-------+-------++-------
Melee: Unarmed           |     1 |     3 ||     4
 Cast: Pain              |    69 |     8 ||    77
       Animate Skeleton  |     1 |       ||     1
  Use: Potion            |     4 |     1 ||     5
       Scroll            |       |     5 ||     5
  Eat: Bread ration      |     2 |       ||     2
Armor: Robe              |    12 |     6 ||    18
Dodge: Dodged            |    30 |    34 ||    64
